Map: Rhoskallian LE

Players

Massa

  • Race: Terran Terran
  • League: Gold
  • Spawn Location: 11:00

qqq

  • Race: Protoss Protoss
  • League: Platinum
  • Spawn Location: 12:00

thqst

  • Race: Zerg Zerg
  • League: Silver
  • Spawn Location: 5:00

venice

  • Race: Protoss Protoss
  • Spawn Location: 6:00

VOD

Have the link to the VOD?

Description

Time

  • Played on: July 27, 2020, 2:22 p.m.
  • Length: 5:26
Show
View Real Time Build Order
Export as new Build Order

Massa Terran 

Build Orders: Gas First Reaper Expand 

Get SALT Encoding   

  12  0:02  SCV  
  13  0:14  SCV  
  13  0:19  Supply Depot  
  14  0:26  SCV  
  15  0:33  Refinery  
  15  0:44  Barracks  
  15  0:48  SCV  
  16  1:00  SCV  
  17  1:12  SCV  
  18  1:24  SCV  
  19  1:34  Reaper  
  20  1:45  Orbital Command  
  20  1:59  Command Center  
  20  2:06  Reaper  
  20  2:21  SCV  
  21  2:33  SCV  
  21  2:36  Factory  
  22  2:38  Marine  
  23  2:57  Marine  
  23  3:07  SCV  
  23  3:15  Marine  
  23  3:19  SCV, Factory Tech Lab  
  25  3:24  Orbital Command, Supply Depot  
  25  3:30  Supply Depot x2  
  25  3:31  SCV, Supply Depot  
  25  3:32  Engineering Bay  
  25  3:33  Marine  
  27  3:44  SCV  
  27  3:47  Supply Depot  
  28  3:50  Marine  
  29  3:56  SCV  
  29  3:58  SCV  
  30  4:03  Siege Tank  
  30  4:08  SCV, Barracks, Marine  
  35  4:10  SCV  
  36  4:20  SCV  
  33  4:28  Marine  
  28  4:57  Orbital Command  
  28  4:59  Marine  
  24  5:09  SCV  
Show
View Real Time Build Order
Export as new Build Order

qqq Protoss 

Build Orders: 1 Gate Expand, Phoenix Opening 

Get SALT Encoding   

  12  0:02  Probe  
  13  0:13  Pylon  
  13  0:19  Probe  
  14  0:28  Pylon  
  14  0:33  Probe  
  15  0:48  Gateway  
  15  0:53  Pylon  
  15  1:02  Probe  
  16  1:14  Probe  
  17  1:26  Probe  
  18  1:37  Nexus  
  18  1:54  Cybernetics Core  
  18  1:56  Assimilator  
  18  1:57  Probe  
  18  2:00  Assimilator  
  19  2:10  Probe  
  20  2:24  Probe  
  21  2:36  Probe  
  22  2:48  Probe  
  22  2:50  Nexus  
  23  2:53  Probe  
  24  3:00  Probe  
  24  3:03  Stargate  
  25  3:07  Probe  
  26  3:19  Probe  
  27  3:31  Probe, Stargate  
  28  3:37  Forge  
  28  3:41  Probe  
  29  3:43  Probe  
  29  3:47  Phoenix  
  32  3:53  Probe, Assimilator  
  33  3:56  Probe  
  34  4:08  Probe  
  35  4:24  Photon Cannon  
  35  4:26  Photon Cannon  
  27  4:32  Phoenix x2  
  31  4:45  Photon Cannon  
  31  4:57  Phoenix  
  33  5:25  Shield Battery  
Show
View Real Time Build Order
Export as new Build Order

thqst Zerg 

Build Orders: Hatch First, Zergling Baneling 

Get SALT Encoding   

  12  0:00  Drone  
  13  0:13  Overlord  
  13  0:18  Drone  
  14  0:31  Drone x2  
  16  0:37  Drone  
  17  0:55  Hatchery  
  16  0:59  Drone  
  16  1:01  Extractor  
  16  1:03  Drone  
  17  1:21  Spawning Pool  
  17  1:22  Drone  
  17  1:25  Drone  
  18  1:35  Drone  
  20  1:40  Drone  
  20  1:51  Drone  
  21  2:01  Overlord  
  21  2:08  Queen x2  
  23  2:12  Metabolic Boost  
  23  2:15  Zergling x2  
  26  2:18  Zergling x2  
  27  2:28  Zergling x4  
  29  2:34  Zergling x4  
  31  2:44  Zergling x2  
  32  2:47  Zergling x2  
  33  2:52  Baneling Nest  
  33  2:55  Zergling x4  
  34  3:01  Zergling x2  
  35  3:07  Zergling x2  
  36  3:14  Overlord  
  36  3:30  Overlord  
  36  3:32  Zergling x4  
  36  3:33  Zergling x10  
  43  3:42  Baneling  
  43  3:43  Baneling x7  
  43  3:45  Baneling  
  43  3:47  Zergling x2  
  40  4:43  Zergling x2  
  40  4:44  Zergling x16  
  47  4:59  Overlord x2  
  47  5:01  Zergling x2  
Show
View Real Time Build Order
Export as new Build Order

venice Protoss 

Build Orders:  

Get SALT Encoding   

  12  0:01  Probe  
  13  0:13  Probe  
  14  0:20  Pylon  
  14  0:25  Probe  
  15  0:35  Probe  
  15  0:39  Gateway  
  16  0:44  Probe  
  17  0:50  Assimilator  
  17  0:53  Probe  
  18  1:01  Probe  
  18  1:10  Pylon  
  19  1:17  Probe  
  20  1:26  Cybernetics Core  
  20  1:30  Probe, Assimilator  
  21  1:35  Zealot  
  23  1:42  Probe  
  24  1:54  Probe  
  24  1:58  Pylon  
  25  2:01  Warp Gate  
  25  2:06  Probe  
  25  2:07  Adept  
  27  2:15  Gateway  
  27  2:24  Probe  
  28  2:36  Probe  
  29  2:38  Gateway  
  28  2:48  Probe  
  29  3:00  Probe, Adept  
  29  3:04  Adept  
  29  3:05  Pylon  
  34  3:14  Pylon  
  34  3:24  Twilight Council  
  34  3:25  Probe  
  35  3:37  Probe  
  36  3:50  Probe  
  37  3:57  Pylon  
  37  4:09  Probe  
  38  4:15  Pylon, Stalker x3  
  44  4:27  Pylon  
  40  4:52  Stalker  
  40  4:53  Stalker x2  
  40  5:15  Stalker x3  
Tags
 
Add a new tag
Caveats
  • Supply blocks, unpowered buildings, or Contaminate may cause inaccurate times.
  • Supply counts are checked every 10 seconds.